 Dungeon Crawl Stone Soup version 0.17-a0-1909-g0b14330 (webtiles) character file.

25627 DecibelRebel the Shatterer (level 13, -1/110 HPs)
             Began as an Ogre Berserker on Sept 25, 2015.
             Was a High Priest of Trog.
             Slain by a jumping spider (10 damage)
             ... on level 5 of the Lair of Beasts.
             The game lasted 00:53:25 (14943 turns).

DecibelRebel the Shatterer (Ogre Berserker)        Turns: 14943, Time: 00:53:26

Health: -1/110     AC: 11    Str: 27    XL:     13   Next: 20%
Magic:  13/13      EV: 12    Int:  6    God:    Trog [*****.]
Gold:   994        SH:  0    Dex: 13    Spells: 0 memorised, 12 levels left

rFire  x . .     SeeInvis .     C - +5 giant spiked club
rCold  + + .     Clarity  +     p - +1 ice dragon armour
rNeg   . . .     SustAt   .     (no shield)
rPois  .         Gourm    +     (helmet restricted)
rElec  .         Spirit   .     (no cloak)
rCorr  .         Warding  .     (gloves unavailable)
rMut   .         Stasis   .     (boots unavailable)
MR     +....                    Z - amulet of the gourmand
Stlth  ..........               k - +3 ring of evasion
                                t - +4 ring of dexterity

@: exhausted, slowed, very slow, somewhat resistant to hostile enchantments,
extremely unstealthy
A: unfitting armour, breathe flames 1, clarity, clumsy 2, frail 1, strong 1,
tough skin 1
a: Burn Spellbooks, Berserk, Trog's Hand, Brothers in Arms, Renounce Religion,
Breathe Fire


You were on level 5 of the Lair of Beasts.
You worshipped Trog.
Trog was extremely pleased with you.
You were near starving.

You visited 2 branches of the dungeon, and saw 16 of its levels.
You also visited: Ossuary and Bailey.

You collected 1046 gold pieces.
You spent 52 gold pieces at shops.

Inventory:

Hand weapons
 a - a +0 mace
 n - a +0 flail
 o - a +0 falchion
 x - a +4 double sword of electrocution
 C - a +5 giant spiked club (weapon)
 I - the +7 hand axe of DecibelRebel's Anguish {flame, +Rage MP+9 Str+5}
   (You found it on level 6 of the Dungeon)

   It has been specially enchanted to burn those struck by it, causing extra
   injury to most foes and up to half again as much damage against particularly
   susceptible opponents.
   Big, fiery blades are also staple armaments of hydra-hunters.
   It affects your strength (+5).
   It affects your magic capacity (+9).
   It lets you go berserk.
 L - a -3 giant club
Armour
 b - a +0 animal skin
 i - a +0 robe
 p - a +1 ice dragon armour (worn)
 P - a +0 robe of magic resistance
Jewellery
 f - an uncursed ring of loudness
 j - an uncursed ring of protection from magic
 k - a +3 ring of evasion (right hand)
 t - a +4 ring of dexterity (left hand)
 A - an uncursed ring of positive energy {unknown}
 B - an uncursed ring of wizardry
 V - a cursed ring of teleportation {unknown}
 Y - an uncursed amulet of the gourmand
 Z - an amulet of the gourmand (around neck)
Magical devices
 g - a wand of teleportation (8)
 y - a wand of lightning (7)
 J - a wand of lightning (12)
 Q - a wand of slowing (18)
 R - a wand of flame (29)
 T - a wand of frost (26)
 W - a wand of paralysis (13)
 X - a wand of heal wounds (2)
Scrolls
 u - 3 scrolls of teleportation
 E - 6 scrolls of remove curse
 N - a scroll of blinking
 U - a scroll of fear
Potions
 d - a potion of brilliance
 e - 3 potions of curing
 q - a potion of ambrosia
 r - a potion of invisibility
 s - 3 potions of might
 v - a potion of agility
 w - a potion of berserk rage
 D - a potion of magic
 F - 2 potions of degeneration
 G - 2 potions of lignification
 H - 2 potions of flight
 M - 4 potions of haste
 O - 4 potions of poison
Miscellaneous
 l - a lantern of shadows
Comestibles
 c - 6 bread rations
 h - 9 fruits
 m - 3 slices of pizza
 z - 2 meat rations
 S - 9 royal jellies


   Skills:
 * Level 6.9 Fighting
 - Level 24.0 Maces & Flails
 + Level 2.2 Armour
 + Level 3.8 Dodging


You had 12 spell levels left.
You didn't know any spells.

Dungeon Overview and Level Annotations

Branches:
Dungeon (11/15)            Temple (0/1) D:6            Lair (5/8) D:10
 Shoals (0/4) Lair:4       Spider (0/4) Lair:5          Orc (0/4) D:10

Altars:
Cheibriados
Dithmenos
Gozag
Kikubaaqudgha
Ru
Sif Muna
Trog
Vehumet
The Shining One

Shops:
D:5 *


Innate Abilities, Weirdness & Mutations

You are too large for most types of armour.
You have tough skin (AC +1).
You can breathe flames.
You possess an exceptional clarity of mind.
You are very clumsy. (Dex -4)
You are frail (-10% HP).
Your muscles are strong. (Str +2)


Message History

* * * LOW HITPOINT WARNING * * *
The jumping spider barely misses you. The jumping spider pounces on you.
* * * LOW HITPOINT WARNING * * *
You are caught in a web!
The jumping spider bites you.
* * * LOW HITPOINT WARNING * * *
You disentangle yourself.
The jumping spider pounces on you but does no damage.
The jumping spider completely misses you.
The jumping spider pounces on you but does no damage.
The jumping spider bites you.
* * * LOW HITPOINT WARNING * * *
Drink which item? (? for menu, Esc to quit)
You feel better. The jumping spider pounces on you!
* * * LOW HITPOINT WARNING * * *
The jumping spider bites you but does no damage.
The jumping spider pounces on you!
* * * LOW HITPOINT WARNING * * *
The jumping spider completely misses you.
The jumping spider pounces on you!
You die...

##.......# ###....#.#....P....
#.......## ##.........P.....
##........### #P...............
#..........P#####................
#...................#............
##P..#......................>....
##.P#.......#...†...............
#..#......##...................
##.......###†%.@...P............
#...##.###.^^..s........<.......
#...####..^†.##.................
##...##...^.####................
##.##....^## .................
#..#...^.. #.......##.......
####.>..## #.......#........
....# ###.......##..#.... ####
#P.........#........


You could see a jumping spider.

Vanquished Creatures
  Snorg (D:11)
  A hydra (Lair:2)
  4 death yaks (Lair:5)
  Nergalle (Lair:4)
  2 hill giants
  2 wolf spiders (Lair:5)
  5 elephants (Lair:3)
  A black mamba (Lair:2)
  5 spiny frogs
  A gargoyle (D:10)
  A kobold demonologist (D:11)
  A centaur skeleton (D:11)
  2 komodo dragons
  3 trolls
  A two-headed ogre (D:11)
  A redback (Lair:5)
  A deep elf mage (D:10)
  A steam dragon (D:7)
  2 wraiths
  17 yaks
  Grum (D:8)
  A deep elf fighter (D:10)
  2 hippogriffs
  2 insubstantial wisps (D:7)
  3 basilisks
  A water moccasin (Lair:5)
  The ghost of Sychopol the Covered, an average GrFi (D:6)
  7 wolves
  A mottled dragon (D:11)
  7 porcupines
  A wasp (D:11)
  4 sky beasts
  9 orc warriors
  3 ice beasts
  7 ogres
  5 crocodiles
  4 phantoms
  2 centaurs
  4 elf zombies (Ossuary)
  14 giant frogs
  A big kobold (D:11)
  A wyvern skeleton (D:7)
  A scorpion (D:7)
  12 killer bees
  A wight (D:8)
  A quasit (D:10)
  4 crimson imps
  4 jellies
  A centaur zombie (D:10)
  A giant frog zombie (D:7)
  5 hounds
  9 orc priests
  Ijyb (D:2)
  10 orc wizards
  3 giant frog skeletons
  8 iguanas
  4 worker ants
  6 sheep (Lair:5)
  2 hound skeletons
  2 mummies
  A worker ant zombie (D:7)
  12 gnolls
  4 adders
  62 river rats
  2 shadow imps
  7 oozes
  An adder zombie (D:6)
  An adder skeleton (D:8)
  5 worms
  7 giant geckos
  30 orcs
  A ball python (D:4)
  15 bats
  4 giant cockroaches
  11 goblins
  13 hobgoblins
  15 jackals
  25 kobolds
  5 quokkas
  4 giant newts (D:1)
  5 hobgoblin zombies (Ossuary)
  4 kobold zombies (Ossuary)
  7 orc zombies (Ossuary)
  9 rats
  A rat zombie (Ossuary)
460 creatures vanquished.

Vanquished Creatures (collateral kills)
  2 elf zombies (Ossuary)
  A centaur zombie (Ossuary)
  A mummy (Ossuary)
  An adder (D:6)
  A goblin zombie (Ossuary)
  4 hobgoblin zombies (Ossuary)
  A jackal zombie (Ossuary)
  2 kobold zombies (Ossuary)
  4 orc zombies (Ossuary)
  A rat zombie (Ossuary)
18 creatures vanquished.

Vanquished Creatures (others)
  7 fungi
  A plant (D:10)
8 creatures vanquished.

Grand Total: 486 creatures vanquished

Notes
Turn   | Place    | Note
--------------------------------------------------------------
     0 | D:1      | DecibelRebel the Ogre Berserker began the quest for the Orb.
     0 | D:1      | Reached XP level 1. HP: 24/24 MP: 1/1
   163 | D:1      | Reached XP level 2. HP: 30/32 MP: 2/2
   198 | D:1      | Reached skill level 5 in Maces & Flails
   552 | D:1      | Reached XP level 3. HP: 35/39 MP: 3/3
   761 | D:2      | Acquired Trog's second power
   822 | D:2      | Noticed Ijyb
   841 | D:2      | Killed Ijyb
   841 | D:2      | Reached skill level 6 in Maces & Flails
   841 | D:2      | Reached XP level 4. HP: 35/48 MP: 4/4
  1293 | D:3      | Reached skill level 7 in Maces & Flails
  1293 | D:3      | Reached XP level 5. HP: 54/54 MP: 5/5
  1375 | D:3      | Reached skill level 8 in Maces & Flails
  1454 | D:3      | Reached XP level 6. HP: 52/62 MP: 6/6
  2292 | D:4      | Reached skill level 9 in Maces & Flails
  2733 | D:5      | Entered Level 5 of the Dungeon
  2750 | D:5      | Reached skill level 10 in Maces & Flails
  2750 | D:5      | Reached XP level 7. HP: 67/70 MP: 7/7
  3090 | D:5      | Found Leuruh's General Store.
  3099 | D:5      | Bought a potion of agility for 52 gold pieces
  3236 | D:5      | Reached skill level 11 in Maces & Flails
  3500 | D:6      | Noticed Sychopol's ghost (average GrFi)
  3512 | D:6      | Killed Sychopol's ghost
  3513 | D:6      | Reached skill level 12 in Maces & Flails
  3513 | D:6      | Reached XP level 8. HP: 54/78 MP: 8/8
  3536 | D:6      | Found a snail-covered altar of Cheibriados.
  3806 | D:6      | Found a staircase to the Ecumenical Temple.
  3934 | D:6      | Got a crude hand axe
  3935 | D:6      | Identified the +7 hand axe of DecibelRebel's Anguish {flame, +Rage MP+9 Str+5} (You found it on level 6 of the Dungeon)
  4036 | D:6      | Acquired Trog's third power
  4036 | D:6      | Reached skill level 13 in Maces & Flails
  4885 | D:7      | Reached skill level 14 in Maces & Flails
  4915 | D:7      | Reached XP level 9. HP: 65/84 MP: 9/9
  5124 | D:7      | Reached skill level 15 in Maces & Flails
  5141 | D:7      | Gained mutation: You are clumsy. (Dex -2) [mutagenic meat]
  5142 | D:7      | Gained mutation: You possess an exceptional clarity of mind. [mutagenic meat]
  5143 | D:7      | Gained mutation: Your muscles are strong. (Str +2) [mutagenic meat]
  5144 | D:7      | Gained mutation: You are partially covered in molten scales (AC +1). [mutagenic meat]
  5177 | D:7      | Reached skill level 16 in Maces & Flails
  5806 | D:8      | Found a sand-covered staircase.
  5813 | Ossuary  | Entered an ossuary
  5901 | Ossuary  | Reached XP level 10. HP: 89/92 MP: 10/10
  5907 | Ossuary  | Reached skill level 17 in Maces & Flails
  6077 | D:8      | Found an opulent altar of Gozag.
  6143 | D:8      | Found a flagged portal.
  6197 | Bailey   | Entered a bailey
  6571 | D:8      | Found a deep blue altar of Sif Muna.
  6908 | D:8      | Reached skill level 18 in Maces & Flails
  6937 | D:8      | Noticed Grum
  6946 | D:8      | Killed Grum
  7425 | D:9      | Reached skill level 19 in Maces & Flails
  7465 | D:9      | Found an ancient bone altar of Kikubaaqudgha.
  7466 | D:9      | Found a glowing golden altar of the Shining One.
  7466 | D:9      | Found a shadowy altar of Dithmenos.
  7468 | D:9      | Found a bloodstained altar of Trog.
  7469 | D:9      | Found a radiant altar of Vehumet.
  7994 | D:9      | Found a sacrificial altar of Ru.
  8049 | D:9      | Reached XP level 11. HP: 70/100 MP: 11/11
  8259 | D:10     | Entered Level 10 of the Dungeon
  8263 | D:10     | Noticed a hill giant
  8270 | D:10     | Killed a hill giant
  8602 | D:10     | Reached skill level 20 in Maces & Flails
  9032 | D:10     | Found a staircase to the Orcish Mines.
  9033 | D:10     | Received a gift from Trog
  9400 | D:10     | Found a staircase to the Lair.
  9835 | D:11     | Reached skill level 21 in Maces & Flails
  9838 | D:11     | Noticed a hill giant
  9839 | D:11     | Noticed Snorg
  9861 | D:11     | Killed a hill giant
  9869 | D:11     | Killed Snorg
 10328 | Lair:1   | Entered Level 1 of the Lair of Beasts
 10368 | Lair:1   | Reached XP level 12. HP: 67/107 MP: 12/12
 10392 | Lair:1   | Gained mutation: You are frail (-10% HP). [potion of mutation]
 10392 | Lair:1   | Lost mutation: You are clumsy. (Dex -2) [potion of mutation]
 10392 | Lair:1   | Gained mutation: You are clumsy. (Dex -2) [potion of mutation]
 10393 | Lair:1   | Gained mutation: You are very clumsy. (Dex -4) [potion of mutation]
 10393 | Lair:1   | Lost mutation: You are partially covered in molten scales (AC +1). [potion of mutation]
 10393 | Lair:1   | Gained mutation: You can breathe flames. [potion of mutation]
 10432 | Lair:1   | Reached skill level 22 in Maces & Flails
 11121 | Lair:2   | Noticed a seven-headed hydra
 11136 | Lair:2   | Killed a seven-headed hydra
 11922 | Lair:2   | Received a gift from Trog
 12256 | Lair:3   | Reached skill level 23 in Maces & Flails
 13669 | Lair:4   | Found a staircase to the Shoals.
 13866 | Lair:4   | Noticed Nergalle
 13885 | Lair:4   | Killed Nergalle
 14189 | Lair:5   | Reached skill level 24 in Maces & Flails
 14263 | Lair:5   | Noticed a death yak
 14265 | Lair:5   | Noticed a death yak
 14265 | Lair:5   | Noticed a death yak
 14266 | Lair:5   | Noticed a death yak
 14271 | Lair:5   | Killed a death yak
 14271 | Lair:5   | Reached XP level 13. HP: 93/105 MP: 13/13
 14275 | Lair:5   | Killed a death yak
 14275 | Lair:5   | Reached skill level 5 in Fighting
 14275 | Lair:5   | Reached skill level 1 in Armour
 14278 | Lair:5   | Killed a death yak
 14285 | Lair:5   | Killed a death yak
 14915 | Lair:5   | Found a hole to the Spider Nest.
 14943 | Lair:5   | Slain by a jumping spider

Vault maps used:
D:1:      minmay_arrival_stone_box
D:2:      uniq_iyjb
D:3:      first_bread
D:4:      st_stairs_12
D:5:      serial_shops, shop, grunt_ministairs_12
D:6:      slow_altar_1, minmay_temple_entry_trees,
          hangedman_abyss_or_decor_slice
D:7:      hangedman_misty_isle
D:8:      kennysheep_orc_sif_temple, kennysheep_mini_moat,
          gup_ossuary_entry_pyramid, lightli_bailey_entry_fortress,
          hangedman_little_slice_of_home, uniq_grum
D:9:      grunt_temple_overflow_open, basic_altar
D:10:     grunt_lair_entry_elf_guard_hut, erik_orc_3, mrwooster_statue_mirror
D:11:     serial_shops, shop, uniq_snorg
Lair:2:   grunt_megastairs_2
Lair:4:   shoals_dummy_entry, uniq_nergalle
Lair:5:   spider_nest_entry_funnel_web
Ossuary:  ossuary_tomb_1
Bailey:   bailey_axe_4, bailey

Action                   |  1- 3 |  4- 6 |  7- 9 | 10-12 | 13-15 || total
-------------------------+-------+-------+-------+-------+-------++-------
Melee: Mace              |    99 |   212 |     7 |       |       ||   318
       Flail             |       |       |    51 |       |       ||    51
       Giant spiked club |       |       |   141 |   736 |    43 ||   920
       Hand axe          |       |       |    28 |       |       ||    28
Invok: Berserk           |       |     2 |     6 |     7 |     1 ||    16
       Trog's Hand       |       |     2 |     2 |     2 |       ||     6
       Brothers in Arms  |       |       |     2 |       |       ||     2
 Abil: Breathe Fire      |       |       |       |     1 |       ||     1
  Use: Scroll            |       |     3 |    16 |    15 |     3 ||    37
       Potion            |       |       |     1 |     7 |     3 ||    11
 Stab: Distracted        |       |       |       |     2 |       ||     2
  Eat: Chunk             |       |     7 |    19 |    13 |       ||    39
       Pizza             |       |       |     1 |     1 |       ||     2
       Beef jerky        |       |       |     1 |       |       ||     1
       Meat ration       |       |       |       |     4 |       ||     4
       Royal jelly       |       |       |       |       |     1 ||     1
